 Dungeon Crawl Stone Soup version 0.24-a0-251-g44e327ef01 (webtiles) character file.

Game seed: 16615910259443084162

1305 Redear the Shield-Bearer (level 8, -2/57 HPs)
             Began as an Octopode Fighter on Apr 17, 2019.
             Was an Initiate of Ru.
             Killed from afar by an orc wizard (11 damage)
             ... with a magic dart
             ... on level 6 of the Dungeon.
             The game lasted 00:11:47 (4454 turns).

Redear the Shield-Bearer (Octopode Fighter)         Turns: 4454, Time: 00:11:48

Health: -2/57      AC:  1    Str: 16    XL:     8   Next: 57%
Magic:  8/8        EV: 15    Int: 10    God:    Ru [......]
Gold:   301        SH: 10    Dex: 15    Spells: 7/7 levels left

rFire    . . .     SeeInvis .   k - +0 short sword (speed)
rCold    . . .     Gourm    .   b - +0 shield
rNeg     . . .     Faith    .   (helmet restricted)
rPois    +         Spirit   .   r - amulet of regeneration {+Regen}
rElec    .         Reflect  .   d - ring of flight {+Fly}
rCorr    .         Harm     .   (no ring)
MR       .....                  o - ring of poison resistance {rPois}
Stlth    ++........             (no ring)
HPRegen  0.59/turn              (no ring)
MPRegen  0.11/turn              (no ring)
                                (no ring)
                                (no ring)

@: no status effects
A: almost no armour, stealthy swim, amphibious, 8 rings, constrict 8, camouflage
1, agile 1, wild magic 1, gelatinous body 1
a: Renounce Religion, Evoke Flight


You were on level 6 of the Dungeon.
You worshipped Ru.
Ru was noncommittal.
You were not hungry.

You visited 2 branches of the dungeon, and saw 7 of its levels.
You also visited: Sewer.

You collected 301 gold pieces.

Inventory:

Hand Weapons
 a - a +0 long sword
 k - a +0 short sword of speed (weapon)
Missiles
 h - 109 stones
 m - 6 javelins of returning (quivered)
Armour
 b - a +0 shield (worn)
Jewellery
 d - a ring of flight (left tentacle) {+Fly}
 o - a ring of poison resistance (on tentacle) {rPois}
 r - an amulet of regeneration (around mantle) {+Regen}
Wands
 O - a wand of clouds (6)
Scrolls
 f - 2 scrolls of magic mapping {unknown}
 g - 3 scrolls of enchant armour
 i - 3 scrolls of teleportation {unknown}
 j - 2 scrolls of enchant weapon {unknown}
 n - 3 scrolls of fear
 p - 2 scrolls of immolation {unknown}
 s - 2 scrolls of blinking {unknown}
 u - a scroll of random uselessness {unknown}
 y - 3 scrolls of fog {unknown}
 N - 5 scrolls of remove curse {@r2}
Potions
 c - 4 potions of might {Str+5 DMG+1d10 | @q3}
 e - a potion of haste {unknown}
 l - 8 potions of flight
 t - a potion of mutation {!q}
 v - a potion of brilliance {unknown}
 x - a potion of degeneration {unknown}
 B - a potion of heal wounds {@q1}
 Q - 3 potions of curing {@q2}
Comestibles
 z - 7 rations


   Skills:
 + Level 5.8 Fighting
 + Level 5.3 Long Blades
 + Level 5.8 Dodging
 + Level 5.9 Shields


You had 7 spell levels left.
You didn't know any spells.
Your spell library contained the following spells:

 Spells                   Type           Power        Failure   Level  Hunger
 Animate Skeleton         Necr           N/A          83%         1    ##.....
 Apportation              Tloc           #.....       83%         1    ##.....
 Confusing Touch          Hex            #.....       83%         1    ##.....
 Summon Small Mammal      Summ           #...         83%         1    ##.....


Dungeon Overview and Level Annotations

Branches:
Dungeon (6/15)             Temple (1/1) D:5

Altars:
Ashenzari
Cheibriados
Dithmenos
Elyvilon
Fedhas
Gozag
Hepliaklqana
Kikubaaqudgha
Makhleb
Nemelex Xobeh
Okawaru
Qazlal
Ru
Sif Muna
Trog
Uskayaw
Vehumet
Wu Jian
Xom
Yredelemnul
Zin
The Shining One

Shops:
D:4 [

Annotations:
D:5 1 runed translucent door, yrara's ghost, weakling DsFi


Innate Abilities, Weirdness & Mutations

You cannot wear most types of armour.
You are very stealthy in the water. (Stealth+)
You are amphibious.
You can wear up to eight rings at the same time.
You can use your tentacles to constrict eight enemies at once.
Your skin changes colour to match your surroundings (Stealth+).
Your rubbery body absorbs attacks. (AC +1, EV +1)
You are agile. (Dex +2)
Your spells are a little harder to cast, but a little more powerful.


Message History

You kill the orc priest!
The orc wizard gestures at you while chanting.
The magic dart hits you!
You are too injured to fight recklessly!
You are too injured to fight recklessly!
You take 15 damage, and have 34/57 hp.
MASSIVE DAMAGE!!
You are too injured to fight recklessly!
You are too injured to fight recklessly!
You are too injured to fight recklessly!
You are too injured to fight recklessly!
You are too injured to fight recklessly!
Unknown command.
You hit the orc wizard. Your grab misses the orc wizard.
You squeeze the orc wizard.
The orc wizard is moderately wounded.
The orc warrior hits you from afar with a +0 trident!!
* * * LOW HITPOINT WARNING * * *
The orc wizard gestures at you while chanting.
The magic dart hits you!
You die...

.......<.......###..### ..
..............# #..)._# ##..
#.......).....###8..8## ##...
........[....###......###....
......Z.....## ##.##.......#
#.....=...#######.###....#.#.
#........Zo.......###.#..#<..
####.......o.......####......
#...$.$.Z@.>.....# #.#....
##...............# #.##..#
.##...........## #......
###.........# #......
...........?. .......
###........#####.....#
#..........# .......
#...#.....## ......#


You could see an orc warrior, an orc wizard, a quokka skeleton, a wyvern
skeleton and a centaur skeleton.

Vanquished Creatures
  2 ogres
  A centaur (D:5)
  3 big kobolds (Sewer)
  2 scorpions
  A howler monkey (D:4)
  A crimson imp (D:5)
  4 hounds
  2 orc priests (D:6)
  Jessica (D:2)
  2 worker ants (D:4)
  An iguana (D:5)
  2 orc wizards
  15 adders
  A howler monkey skeleton (D:4)
  2 river rats (Sewer)
  3 oozes
  An adder zombie (D:6)
  9 worms
  3 dart slugs
  6 leopard geckos
  21 orcs
  5 giant cockroaches
  8 goblins
  6 hobgoblins
  3 jackals (D:5)
  4 quokkas
  4 ball pythons
  7 bats
  12 frilled lizards
  A jackal skeleton (D:4)
  18 kobolds
  A leopard gecko skeleton (D:4)
  6 rats
158 creatures vanquished.

Vanquished Creatures (others)
  An orc wizard (D:5)
1 creature vanquished.

Grand Total: 159 creatures vanquished

Notes
Turn   | Place    | Note
-------+----------+-------------------------------------------
     0 | D:1      | Redear the Octopode Fighter began the quest for the Orb.
     0 | D:1      | Reached XP level 1. HP: 16/16 MP: 1/1
   120 | D:1      | Reached XP level 2. HP: 8/21 MP: 2/2
   403 | D:1      | HP: 2/21 [ooze (3)]
   403 | D:1      | Reached XP level 3. HP: 2/26 MP: 3/3
  1089 | D:2      | Noticed Jessica
  1107 | D:2      | Killed Jessica
  1107 | D:2      | Reached XP level 4. HP: 28/31 MP: 4/4
  1503 | D:2      | Reached skill level 3 in Long Blades
  1503 | D:2      | Reached XP level 5. HP: 33/37 MP: 5/5
  2077 | D:3      | Reached skill level 4 in Shields
  2258 | D:3      | Reached skill level 4 in Fighting
  2258 | D:3      | Reached skill level 4 in Dodging
  2667 | D:4      | Reached XP level 6. HP: 20/43 MP: 6/6
  2855 | D:4      | Found Xedd's Antique Armour Shoppe.
  2869 | D:4      | Reached XP level 7. HP: 35/49 MP: 7/7
  2898 | D:4      | Reached skill level 4 in Long Blades
  2921 | D:4      | Found a glowing drain.
  2948 | Sewer    | Entered a sewer
  3130 | Sewer    | Reached skill level 5 in Fighting
  3130 | Sewer    | Reached skill level 5 in Dodging
  3130 | Sewer    | Reached skill level 5 in Shields
  3479 | D:4      | Gained mutation: Your spells are a little harder to cast,
                  | but a little more powerful. [potion of mutation]
  3479 | D:4      | Gained mutation: You are agile. (Dex +2) [potion of
                  | mutation]
  3498 | D:5      | Entered Level 5 of the Dungeon
  3511 | D:5      | Reached XP level 8. HP: 51/55 MP: 8/8
  3770 | D:5      | Reached skill level 5 in Long Blades
  3898 | D:5      | Found a runed translucent door.
  3906 | D:5      | Noticed yrara's ghost (weakling DsFi)
  4040 | D:5      | Found a staircase to the Ecumenical Temple.
  4053 | Temple   | Entered the Ecumenical Temple
  4151 | Temple   | Became a worshipper of Ru the Awakened
  4415 | D:6      | Found a blossoming altar of Fedhas.
  4416 | D:6      | Found a bloodstained altar of Trog.
  4418 | D:6      | Found an iron altar of Okawaru.
  4422 | D:6      | Found a glowing golden altar of the Shining One.
  4423 | D:6      | Found a shimmering altar of Xom.
  4425 | D:6      | Found a basalt altar of Yredelemnul.
  4454 | D:6      | Killed from afar by an orc wizard

Levels and vault maps discovered:
D:1:      roderic_chinese_lattice_arrival, layout_basic, serial_corexii_hall,
          corexii_hall_statues_x, chequers_hall_statues_wall_a
D:2:      layout_rooms, uniq_jessica
D:3:      layout_basic
D:4:      layout_basic, serial_shops, shop, gup_sewer_entry_glass
D:5:      layout_rooms, temple_fountains, first_ration, ebering_ghost_sewer_d
D:6:      layout_cave_pools, minitemple, serial_shops, kennysheep_mini,
          uniq_crazy_yiuf_cottage, uniq_edmund
Temple:   regret_index_temple_sphere_string
Sewer:    sewer_co_15_rooms

Skill      XL: |  1  2  3  4  5  6  7  8 |
---------------+-------------------------+-----
Long Blades    | 3 4 5 |  5.3
Shields        | 4 5 |  5.9
Fighting       | 4 5 |  5.8
Dodging        | 4 5 |  5.8

Action                   |  1- 3 |  4- 6 |  7- 9 || total
-------------------------+-------+-------+-------++-------
Melee: Long sword        |    34 |       |       ||    34
       Constrict         |    15 |    51 |    49 ||   115
       Tentacles         |     8 |    46 |    54 ||   108
       Short sword       |     6 |   187 |   197 ||   390
  Use: Scroll            |       |       |     9 ||     9
       Potion            |       |       |     2 ||     2
 Stab: Sleeping          |     4 |     7 |     1 ||    12
  Eat: Chunk             |       |     6 |     5 ||    11
Armor: Skin              |     2 |    12 |    11 ||    25
Dodge: Dodged            |    26 |   102 |    83 ||   211
Block: Shield            |       |     8 |    68 ||    76
       Rpst.: Long sword |     8 |       |       ||     8

Table legend:
 A = Non-vault XP
 B = Vault XP
 C = Vault XP percentage of total XP
 D = Non-vault monster count
 E = Vault monster count
 F = Vault count percentage of total count
                 A         B        C        D         E       F
            +---------+---------+-------+---------+---------+-------
      Total |    1435 |     430 |  23.1 |     135 |      24 |  15.1
            +---------+---------+-------+---------+---------+-------
        D:1 |      43 |       0 |   0.0 |      20 |       0 |   0.0
        D:2 |      98 |      37 |  27.4 |      25 |       1 |   3.8
        D:3 |      90 |       0 |   0.0 |      34 |       0 |   0.0
        D:4 |     536 |      19 |   3.4 |      24 |       4 |  14.3
        D:5 |     572 |       0 |   0.0 |      27 |       0 |   0.0
        D:6 |      96 |       0 |   0.0 |       5 |       0 |   0.0
      Sewer |       0 |     374 | 100.0 |       0 |      19 | 100.0
            +---------+---------+-------+---------+---------+-------
